 Dungeon Crawl Stone Soup version 0.25.0-11-g1f837a76a1 (webtiles) character file.

Game seed: 1052087315980804229

1086 Aviak the Chiller (level 8, 18/65 HPs)
             Began as a Demonspawn Ice Elementalist on June 27, 2020.
             Quit the game on level 8 of the Dungeon.
             The game lasted 00:07:40 (6400 turns).

Aviak the Chiller (Demonspawn Ice Elementalist)     Turns: 6400, Time: 00:07:41

Health: 18/65      AC:  6    Str:  9    XL:     8   Next: 9%
Magic:  1/12       EV: 12    Int: 17    God:
Gold:   226        SH:  0    Dex: 16    Spells: 9/13 levels left

rFire    + . .     SeeInvis +   l - +1 mace (vorpal)
rCold    + . .     Gourm    .   (no shield)
rNeg     + . .     Faith    .   b - +0 leather armour
rPois    +         Spirit   +   (no helmet)
rElec    .         Reflect  .   w - +2 ratskin cloak {+Rats rPois rN+ Str-1 Int-1 Dex+1}
rCorr    .         Harm     .   (no gloves)
MR       .....                  (no boots)
Stlth    ++........             (no amulet)
HPRegen  0.20/turn              Z - ring of see invisible
MPRegen  0.13/turn              C - ring of protection from cold

@: frozen ramparts, very slightly contaminated
A: thin skeletal structure 1, fire resistance 1, magic shield
a: Evoke Ratskin


You were on level 8 of the Dungeon.
You were hungry.

You visited 1 branch of the dungeon, and saw 6 of its levels.

You collected 226 gold pieces.

Inventory:

Hand Weapons
 d - a +0 dagger
 l - a +1 vorpal mace (weapon)
Armour
 a - a +0 robe
 b - a +0 leather armour (worn)
 u - a +0 kite shield
 v - a +0 cloak
 w - the +2 ratskin cloak (worn) {+Rats rPois rN+ Str-1 Int-1 Dex+1}
   (You found it on level 5 of the Dungeon)

   It affects your strength (-1).
   It affects your intelligence (-1).
   It affects your dexterity (+1).
   It protects you from poison.
   It protects you from negative energy.
Jewellery
 x - a +6 ring of dexterity {unknown}
 C - a ring of protection from cold (right hand)
 Z - a ring of see invisible (left hand)
Scrolls
 e - 6 scrolls of teleportation {unknown}
 f - 3 scrolls of magic mapping {unknown}
 j - 2 scrolls of random uselessness {unknown}
 k - a scroll of immolation {unknown}
 m - 5 scrolls of identify {unknown}
 q - a scroll of enchant weapon {unknown}
 r - a scroll of enchant armour {unknown}
 s - a scroll of blinking {unknown}
Potions
 g - 4 potions of curing {unknown}
 h - 3 potions of might {unknown}
 i - a potion of berserk rage {unknown}
 n - a potion of degeneration {unknown}
 o - 2 potions of lignification {unknown}
 p - 3 potions of haste {unknown}
 t - a potion of heal wounds {unknown}
Comestibles
 c - 5 rations


   Skills:
 + Level 6.3 Fighting
 - Level 1.7 Dodging
 - Level 1.7 Stealth
 - Level 3.0 Spellcasting
 + Level 6.9 Ice Magic


You had 9 spell levels left.
You knew the following spells:

 Your Spells              Type           Power        Failure   Level  Hunger
a - Freeze                Ice            ####         1%          1    None
b - Frozen Ramparts       Ice            ####..       4%          3    ###....

Your spell library contained the following spells:

 Spells                   Type           Power        Failure   Level  Hunger
 Ozocubu's Armour         Chrm/Ice       ##......     19%         3    ###....
 Hailstorm                Conj/Ice       ##......     52%         4    ####...
 Summon Ice Beast         Ice/Summ       ##......     52%         4    ####...


Dungeon Overview and Level Annotations

Branches:
Dungeon (5/15)
 Temple: D:4-7

Altars:
Elyvilon
Qazlal
Trog


Innate Abilities, Weirdness & Mutations

You have a somewhat thin skeletal structure. (Dex +2, Stealth)
Your flesh is heat resistant. (rF+)
When hurt, damage is shared between your health and your magic reserves.


Message History

You are too injured to fight recklessly!
You hit the centaur skeleton.
The centaur skeleton is almost destroyed.
The centaur skeleton completely resists.
The wall freezes the centaur skeleton but do no damage.
The centaur skeleton closely misses you.
You are too injured to fight recklessly!
You completely miss the centaur skeleton.
The centaur skeleton is almost destroyed.
The centaur skeleton resists.
The wall freezes the centaur skeleton.
The centaur skeleton misses you.
The centaur skeleton completely resists.
The wall freezes the centaur skeleton but do no damage.
The centaur skeleton barely misses you.
You hit the centaur skeleton.
You destroy the centaur skeleton!
No target in view!
Things that are here:
a +0 scimitar; a +0 plate armour Are you sure you want to abandon this character and quit the game? (Confirm with "yes".)

#.......# #.......#
#...(...# #.......# #
#.......#####.# .
#..............
...######.....)).......#
........#######)........##
##
#............@............
..
##.###.######.#.#######..#
... #. #....#.Z..##.##.#.
.. .#.##....#.##.##......
.#. ...........##Z##..#...
.... .#.##..).)###.......#
#. .. .. ##..#.# ####....#
#. .... ......# ....### #
###.#### #.#..#


There were no monsters in sight!

Vanquished Creatures
  An orc warrior (D:8)
  A sky beast (D:8)
  2 ogres
  A jelly (D:8)
  A centaur skeleton (D:8)
  A bullfrog skeleton (D:8)
  3 orc priests
  Crazy Yiuf (D:4)
  An orc wizard (D:2)
  An iguana (D:4)
  7 worker ants
  A hell rat (D:5)
  3 gnolls (D:4)
  8 adders
  6 river rats (D:5)
  2 oozes
  An adder zombie (D:5)
  2 worms
  A dart slug (D:1)
  A leopard gecko (D:8)
  20 orcs
  A giant cockroach (D:3)
  9 hobgoblins
  4 jackals (D:2)
  3 quokkas
  A ball python (D:1)
  12 bats
  9 frilled lizards
  4 goblins
  12 kobolds
  18 rats
138 creatures vanquished.

Notes
Turn   | Place    | Note
-------+----------+-------------------------------------------
     0 | D:1      | Aviak the Demonspawn Ice Elementalist began the quest for
                  | the Orb.
     0 | D:1      | Reached XP level 1. HP: 13/13 MP: 3/3
   245 | D:1      | Gained mutation: When hurt, damage is shared between your
                  | health and your magic reserves. [demonic ancestry]
   245 | D:1      | Reached XP level 2. HP: 19/20 MP: 0/5
   302 | D:1      | Reached skill level 1 in Fighting
  1095 | D:1      | Reached XP level 3. HP: 26/26 MP: 6/6
  1757 | D:1      | Learned a level 3 spell: Frozen Ramparts
  2071 | D:2      | Reached XP level 4. HP: 22/33 MP: 2/8
  2996 | D:2      | Found a bloodstained altar of Trog.
  3138 | D:2      | Gained mutation: You have a somewhat thin skeletal
                  | structure. (Dex +2, Stealth) [demonic ancestry]
  3138 | D:2      | Reached XP level 5. HP: 30/39 MP: 0/9
  3297 | D:3      | Found a stormy altar of Qazlal.
  3299 | D:3      | Noticed a fire elemental
  3299 | D:3      | Noticed a water elemental
  3299 | D:3      | Noticed an air elemental
  4679 | D:4      | Reached skill level 5 in Ice Magic
  4734 | D:4      | Reached XP level 6. HP: 44/48 MP: 4/10
  4848 | D:4      | Found a runed translucent door.
  4849 | D:4      | Noticed Crazy Yiuf
  5162 | D:4      | Found a white marble altar of Elyvilon.
  5455 | D:4      | Killed Crazy Yiuf
  5553 | D:5      | Entered Level 5 of the Dungeon
  5574 | D:5      | Reached XP level 7. HP: 29/55 MP: 2/11
  5780 | D:5      | Reached skill level 5 in Fighting
  5789 | D:5      | Found the +2 ratskin cloak {+Rats rPois rN+ Str-1 Int-1
                  | Dex+1}
  6108 | D:5      | You fall into a shaft and drop 3 floors!
  6393 | D:8      | Gained mutation: Your flesh is heat resistant. (rF+)
                  | [demonic ancestry]
  6393 | D:8      | Reached XP level 8. HP: 16/64 MP: 0/12
  6400 | D:8      | Quit the game

Illustrated notes

Levels and vault maps discovered:
D:1:      elethiomel_arrival_maze, layout_basic, chequers_serial_rivers_small_3
D:2:      layout_rooms, bloody_trog
D:3:      layout_basic, first_ration, nicolae_qazlal_style_of_elements
D:4:      layout_rooms, elyvilon_altar_1, uniq_crazy_yiuf_cottage
D:5:      wander_guarded_unrand_ratskin, layout_loops_cross, st_stairs_1,
          uniq_edmund, uniq_grinder, uniq_sigmund, uniq_pikel
D:8:      layout_basic, serial_shops, shop_coins, uniq_maggie

Skill      XL: |  1  2  3  4  5  6  7 |
---------------+----------------------+-----
Fighting       | 1 2 3 4 6 |  6.3
Ice Magic      | 4 5 6 |  6.9
Spellcasting   | 3 |  3.0
Dodging        | |  1.7
Stealth        | |  1.7

Action                   |  1- 3 |  4- 6 |  7- 9 || total
-------------------------+-------+-------+-------++-------
Melee: Unarmed           |     3 |       |       ||     3
       Dagger            |    52 |       |       ||    52
       Mace              |       |    34 |    53 ||    87
 Cast: Freeze            |    48 |    94 |     2 ||   144
       Frozen Ramparts   |       |     6 |     7 ||    13
 Stab: Sleeping          |     2 |     1 |     3 ||     6
       Distracted        |       |     1 |       ||     1
  Eat: Chunk             |     1 |     6 |     1 ||     8
       Ration            |     1 |     2 |       ||     3
Armor: Robe              |     2 |       |       ||     2
       Leather armour    |    45 |    17 |    13 ||    75
Dodge: Dodged            |   101 |    70 |    42 ||   213
